 Dungeon Crawl Stone Soup version 0.30-a0-840-ga523dec638 (webtiles) character file.

Game seed: 14879583868228338078

3 Newt the Shooter (level 1, -2/13 HPs)
             Began as a Kobold Hunter on Mar 1, 2023.
             Slain by a kobold
             ... wielding a +0 whip
              (3 damage)
             ... on level 1 of the Dungeon.
             The game lasted 00:00:08 (48 turns).

Newt the Shooter (Kobold Hunter)                      Turns: 48, Time: 00:00:09

Health: -2/13      AC:  3    Str:  8    XL:     1   Next: 55%
Magic:  1/1        EV: 14    Int: 10    God:
Gold:   2          SH:  0    Dex: 18    Spells: 0/0 levels left

rFire   . . .      SeeInvis .    a - +0 shortbow
rCold   . . .      Faith    .    (shield currently unavailable)
rNeg    . . .      Spirit   .    c - +0 leather armour
rPois   .          Reflect  .    (no helmet)
rElec   .          Harm     .    (no cloak)
rCorr   .          Rampage  .    (no gloves)
Will    .....                    (no boots)
Stlth   +++                      (no amulet)
HPRegen 0.22/turn                (no ring)
MPRegen 0.07/turn                (no ring)

@: no status effects
A: small, no large weapons, nightstalker 3
a: no special abilities


You were on level 1 of the Dungeon.
You visited 1 branch of the dungeon, and saw 1 of its levels.

You collected 2 gold pieces.

Inventory:

Hand Weapons
 a - a +0 shortbow (weapon)
Armour
 c - a +0 leather armour (worn)
Scrolls
 b - a scroll of immolation


   Skills:
 + Level 2.5 Fighting
 - Level 5.3 Ranged Weapons
 - Level 2.4 Dodging
 - Level 1.3 Stealth


You couldn't memorise any spells.
You didn't know any spells.
Your spell library was empty.

Dungeon Overview and Level Annotations

Branches:
Dungeon (1/15)

Altars:


Innate Abilities, Weirdness & Mutations

You are small and have problems with some larger weapons.
You are completely attuned to the shadows.


Message History

You shoot an arrow. The arrow hits the hobgoblin!
You kill the hobgoblin!
The kobold barely misses you.
You shoot an arrow.
The arrow hits the kobold but does no damage.
The kobold hits you with a +0 whip. The kobold closely misses you. x2
The kobold hits you with a +0 whip.
You shoot an arrow. The arrow closely misses the kobold.
The kobold closely misses you.
A kobold comes into view. It is wielding a +0 dagger.
The kobold hits you with a +0 short sword.
You are too injured to fight recklessly!
You are too injured to fight recklessly!
You are too injured to fight recklessly!
There are monsters nearby!
There are monsters nearby!
You are too injured to fight recklessly!
You are too injured to fight recklessly!
Unknown command.
The kobold attacks as you move away! The kobold closely misses you.
The kobold attacks as you move away! The kobold hits you with a +0 whip.
The kobold attacks as you move away! The kobold barely misses you.
The kobold throws a stone.
The stone barely misses you.
You shoot an arrow. The arrow closely misses the kobold.
The arrow barely misses the kobold.
The kobold misses you. The kobold hits you but does no damage.
You shoot an arrow.
The arrow hits the kobold but does no damage.
The kobold hits you with a +0 whip.
The kobold hits you with a +0 short sword.
The kobold misses you. The kobold closely misses you.
You shoot an arrow. The arrow hits the kobold!
You kill the kobold!
The kobold hits you with a +0 whip.
* * * LOW HITPOINT WARNING * * *
You shoot an arrow. The arrow closely misses the kobold.
The arrow hits the kobold!
You kill the kobold!
The kobold hits you with a +0 whip.
You die...

.⌠.....⌠....⌠..#
...............#
....<....#######..
###...#### ...
##...## ###.#.
#..⌠..## #.....
.......#####.##..
.⌠...⌠.)##.......
...⌠....@K)..##(#
.......###..... #
##.#### #.#.### ..
..#.# ... .


You could see a kobold.

Vanquished Creatures
  A hobgoblin (D:1)
  2 kobolds (D:1)
  A ball python (D:1)
4 creatures vanquished.

Notes
Turn   | Place    | Note
-------+----------+-------------------------------------------
     0 | D:1      | Newt the Kobold Hunter began the quest for the Orb.
     0 | D:1      | Reached XP level 1. HP: 12/12 MP: 1/1
    48 | D:1      | Slain by a kobold

Illustrated notes

Levels and vault maps discovered:
D:1:      dpeg_arrival_leaves_temple_mockup, layout_basic,
          basic_ecumenical_altar, minivault_5

Action                     || total
---------------------------++-------
   Fire: Shortbow          ||    11
 Armour: Leather armour    ||     1
  Dodge: Dodged            ||    11

Table legend: (Time is in decaauts)
 A = Elapsed time spent in this place.
 B = Non-inter-level travel time spent in this place.
 C = Inter-level travel time spent in this place.
 D = Time resting spent in this place.
 E = Time spent auto-exploring this place.
 F = Levels seen in this place.
 G = Mean time per level.
                   A        B        C        D        E       F      G
               +--------+--------+--------+--------+--------+-----+--------+
         Total |     51 |     51 |      0 |      0 |     27 |   1 |   51.0 |
       Dungeon |     51 |     51 |      0 |      0 |     27 |   1 |   51.0 |
               +--------+--------+--------+--------+--------+-----+--------+

Top non-repeatable levels by time:
     D:1: 51 daAuts
